 Dungeon Crawl Stone Soup version 0.32-a0-898-g7811c86cf0 (webtiles) character file.

Game seed: 5498082201398155648

427 DEFE the Chopper (level 6, -7/47 HPs)
             Began as a Coglin Fighter on Apr 4, 2024.
             Mangled by an ogre
             ... wielding a +0 giant club
              (32 damage)
             ... while paralysed by Grinder
             ... on level 5 of the Dungeon.
             The game lasted 00:02:18 (3428 turns).

DEFE the Chopper (Coglin Fighter)                   Turns: 3428, Time: 00:02:18

Health: -7/47      AC: 12    Str: 19    XL:     6   Next: 97%
Magic:  6/6        EV:  2    Int:  7    God:
Gold:   268        SH:  0    Dex: 13    Spells: 5/5 levels left

rFire   . . .        a - +0 war axe {Arun}
rCold   . . .        c - +0 buckler
rNeg    . . .        x - +0 plate armour
rPois   .            o - +0 helmet
rElec   .            (no cloak)
rCorr   .            (no gloves)
SInv    .            (no boots)
Will    .....        (amulet unavailable) Stlth
                     (ring unavailable)
HPRegen 0.27/turn    (ring unavailable)
MPRegen 0.10/turn    (no gizmo)

%: no passive effects
@: paralysed, revved
A: off-hand wielding, slow wielding, warmup strikes, no jewellery
a: Invent Gizmo


You were on level 5 of the Dungeon.
You visited 1 branch of the dungeon, and saw 5 of its levels.

You collected 268 gold pieces.

Inventory:

Hand Weapons
 a - a +0 war axe (weapon) {Arun}
Armour
 b - a +0 scale mail
 c - a +0 buckler (worn)
 o - a +0 helmet (worn)
 x - a +0 plate armour (worn)
Wands
 m - a wand of flame (23)
Scrolls
 d - a scroll of butterflies {unknown}
 e - a scroll of enchant weapon {unknown}
 f - 5 scrolls of fog
 h - a scroll of fear
 j - a scroll of amnesia {unknown}
 k - 3 scrolls of teleportation
 n - a scroll of blinking {unknown}
 q - a scroll of acquirement {unknown}
 r - 2 scrolls of enchant armour
 t - a scroll of torment {unknown}
 u - 2 scrolls of immolation {unknown}
 y - a scroll of vulnerability {unknown}
Potions
 g - a potion of heal wounds {unknown}
 i - a potion of haste {unknown}
 l - 2 potions of degeneration {unknown}
 p - a potion of cancellation {unknown}
 s - a potion of enlightenment {unknown}
 v - a potion of magic {unknown}
 w - a potion of brilliance {unknown}
 z - a potion of might


   Skills:
 - Level 3.0 Fighting
 + Level 7.2 Axes
 - Level 2.6 Armour
 - Level 2.1 Shields


You had 5 spell levels left.
You didn't know any spells.
Your spell library contained the following spells:

 Spells                   Type           Power      Damage    Failure   Level
 Slow                     Hex            0%         N/A       100%        1
 Confusing Touch          Hex            0%         N/A       100%        3
 Dazzling Flash           Conj/Hex       0%         N/A       100%        3
 Maxwell's Portable Pile  Tloc           0%         2d(5-13)  100%        3
 Mephitic Cloud           Conj/Alch/Air  0%         N/A       100%        3
 Vampiric Draining        Necr           0%         2d6       100%        3
 Arcjolt                  Conj/Air       0%         1d10      100%        5
 Curse of Agony           Necr           0%         N/A       100%        5
 Silence                  Hex/Air        0%         N/A       100%        5
 Maxwell's Capacitive Co  Air            0%         ∞         100%        8


Dungeon Overview and Level Annotations

Branches:
Dungeon (5/15)
 Temple: D:4-7

Altars:
Qazlal

Shops:
D:2 :

Annotations:
D:4 2 transporters
D:5 Grinder


Innate Abilities, Weirdness & Mutations

You can wield a second weapon in your off-hand.
It takes a long time for you to wield or remove held weapons.
Your first few attacks do less damage.
You cannot equip rings or amulets.


Message History

Grinder hits you but does no damage.
You slash Grinder!
Grinder is moderately wounded.
Grinder gestures at you.
You suddenly lose the ability to move!
Grinder hits you but does no damage.
You can move again.
You slash Grinder!
Grinder is heavily wounded.
Grinder gestures at you. You resist with significant effort.
Unknown command.
You barely miss Grinder.
Grinder is heavily wounded.
Grinder hits you but does no damage.
Unknown command.
You closely miss Grinder.
Grinder is heavily wounded.
Grinder barely misses you.
Unknown command.
You hit Grinder but do no damage.
Grinder is heavily wounded.
You barely miss the ogre. Grinder hits you but does no damage.
The ogre hits you with a +0 giant club!
Grinder blinks!
Unknown command.
You slash the ogre!
The ogre is heavily wounded.
The ogre hits you with a +0 giant club!
Grinder blinks!
Unknown command.
Unknown command.
You hit the ogre.
The ogre is severely wounded.
The ogre hits you but does no damage.
You hit the ogre.
The ogre is severely wounded.
Grinder gestures at you.
You suddenly lose the ability to move!
The ogre hits you with a +0 giant club!!
Ouch! That really hurt!
You die...

#..# #..#
# #..#.#
#..#.###
#......#
#......#
#.O...%#
##@.5.[.#
#....+###
#..§.+ #
####....#
#
#..'^...#
#.##....#
#.##....#
#.......#
#.##....#


You could see Grinder and an ogre.

Vanquished Creatures
  Pargi (D:4)
  A kobold brigand (D:3)
  A jelly (D:4)
  An orc priest (D:4)
  2 iguanas (D:4)
  An orc wizard (D:4)
  5 adders (D:3)
  4 dart slugs
  3 ribbon worms
  4 orcs (D:4)
  2 bats (D:1)
  7 endoplasms
  2 giant cockroaches (D:1)
  6 goblins
  9 hobgoblins
  6 jackals
  A quokka (D:1)
  6 ball pythons
  3 frilled lizards
  3 kobolds
  4 rats
72 creatures vanquished.

Notes
Turn   | Place    | Note
-------+----------+-------------------------------------------
     0 | D:1      | DEFE the Coglin Fighter began the quest for the Orb.
     0 | D:1      | Reached XP level 1. HP: 18/18 MP: 1/1
    36 | D:1      | Reached XP level 2. HP: 12/24 MP: 2/2
    50 | D:1      | Reached skill level 3 in Axes
   313 | D:1      | Reached XP level 3. HP: 29/29 MP: 3/3
   583 | D:2      | Found a faded altar of an unknown god.
   704 | D:2      | Found Rugyg's Book Shop.
  1177 | D:3      | Reached skill level 4 in Axes
  1190 | D:3      | Reached XP level 4. HP: 35/35 MP: 4/4
  1558 | D:3      | Noticed a kobold brigand
  1574 | D:3      | Killed a kobold brigand
  1575 | D:3      | Reached skill level 5 in Axes
  1575 | D:3      | Reached XP level 5. HP: 13/41 MP: 5/5
  2478 | D:4      | Noticed Pargi
  2485 | D:4      | Killed Pargi
  2486 | D:4      | Reached skill level 6 in Axes
  2486 | D:4      | Reached XP level 6. HP: 47/47 MP: 6/6
  2486 | D:4      | Found a transporter.
  2694 | D:4      | Reached skill level 7 in Axes
  2969 | D:4      | Found a stormy altar of Qazlal.
  3179 | D:4      | Found a transporter.
  3181 | D:4      | Noticed a fire bat
  3181 | D:4      | Noticed a fire bat
  3354 | D:5      | Entered Level 5 of the Dungeon
  3416 | D:5      | Noticed Grinder
  3420 | D:5      | Paralysed by Grinder for 2 turns
  3428 | D:5      | Paralysed by Grinder for 3 turns
  3428 | D:5      | Mangled by an ogre

Illustrated notes

Levels and vault maps discovered:
D:1:      dpeg_arrival_chambers_temple_mockup, layout_rooms, serial_glass,
          glass_columns_c, glass_columns_c
D:2:      layout_basic, hellmonk_ecumenical_altar_dog_temple, serial_shops,
          nicolae_shop_tiny_real_fake_doors
D:3:      layout_basic, minmay_misc_feat_rows, grunt_decor_cap,
          minmay_misc_feat_x, eino_tiny_chamber, minmay_misc_feat_room,
          chequers_arboretum, st_stairs_2, nicolae_twisty_statue_hallways
D:4:      gammafunk_cloud_chamber, layout_cave_pods,
          mainiacjoe_overflow_six_doors_small, uniq_pargi
D:5:      layout_basic, lemuel_doored_altar, nicolae_zig_zag_zippers,
          uniq_grinder, uniq_edmund

Skill      XL: |  1  2  3  4  5  6 |
---------------+-------------------+-----
Axes           | 3 4 5 6 7 |  7.2
Fighting       | |  3.0
Armour         | |  2.6
Shields        | |  2.1

Action                     |  1- 3 |  4- 6 || total
---------------------------+-------+-------++-------
  Melee: War axe           |    82 |   125 ||   207
    Use: Scroll            |     4 |       ||     4
         Potion            |       |     2 ||     2
 Armour: Scale mail        |    73 |    55 ||   128
         Plate armour      |       |    67 ||    67
         Skin              |       |    35 ||    35
  Dodge: Dodged            |    44 |    39 ||    83
  Block: Buckler           |    21 |    29 ||    50

Table legend: (Time is in decaauts)
 A = Elapsed time spent in this place.
 B = Non-inter-level travel time spent in this place.
 C = Inter-level travel time spent in this place.
 D = Time resting spent in this place.
 E = Time spent auto-exploring this place.
 F = Levels seen in this place.
 G = Mean time per level.
                   A        B        C        D        E       F      G
               +--------+--------+--------+--------+--------+-----+--------+
         Total |   3490 |   3419 |     71 |    333 |   2477 |   5 |  698.0 |
       Dungeon |   3490 |   3419 |     71 |    333 |   2477 |   5 |  698.0 |
               +--------+--------+--------+--------+--------+-----+--------+

Top non-repeatable levels by time:
     D:3: 1280 daAuts
     D:4: 1003 daAuts
     D:1: 581 daAuts
     D:2: 549 daAuts
     D:5: 75 daAuts
